 Dungeon Crawl Stone Soup version 0.31-a0-232-gb1c03b2570 (webtiles) character file.

Game seed: 3628858262930641929

9203 qw the Skirmisher (level 11, -2/100 HPs)
             Began as a Minotaur Hexslinger on July 7, 2023.
             Was a Believer of Okawaru.
             Slain by a scorpion (3 damage)
             ... summoned by Amaemon
             ... on level 10 of the Dungeon.
             The game lasted 00:04:00 (9033 turns).

qw the Skirmisher (Minotaur Hexslinger)             Turns: 9033, Time: 00:04:00

Health: -2/100     AC:  8    Str: 11    XL:     11   Next: 20%
Magic:  13/13      EV: 18    Int: 10    God:    Okawaru [**....]
Gold:   557        SH:  0    Dex: 17    Spells: 11/12 levels left

rFire   . . .        Y - +1 triple crossbow
rCold   + . .        (shield currently unavailable)
rNeg    . . .        d - +2 leather armour {rC+}
rPois   +            (helmet restricted)
rElec   .            (no cloak)
rCorr   +            (no gloves)
SInv    .            h - +1 pair of boots
Will    .....        (no amulet)
Stlth   +++          b - ring of resist corrosion
HPRegen 0.36/turn    i - ring of poison resistance
MPRegen 0.13/turn

%: no passive effects
@: lethally poisoned (-2 -> -12), heroic, slowed, very slow
A: horns 2, retaliatory headbutt, weak 1
a: Renounce Religion, Heroism


You were on level 10 of the Dungeon.
You worshipped Okawaru.
Okawaru was pleased with you.
You visited 2 branches of the dungeon, and saw 11 of its levels.

You collected 738 gold pieces.
You spent 181 gold pieces at shops.


Innate Abilities, Weirdness & Mutations

You have a pair of horns on your head.
You reflexively headbutt those who attack you in melee.
You are weak. (Str -2)


   Skills:
 - Level 10.2(15.2) Fighting
 + Level 14.6(19.6) Ranged Weapons
 - Level 3.3(8.3) Armour
 - Level 6.0(11.0) Dodging
 - Level 1.0 Spellcasting
 - Level 2.0 Hexes
 - Level 4.2 Invocations


You had 11 spell levels left.
You knew the following spells:

 Your Spells              Type           Power      Damage    Failure   Level
a - Slow                  Hex            16%        N/A       19%         1

Your spell library contained the following spells:

 Spells                   Type           Power      Damage    Failure   Level
 Inner Flame              Hex/Fire       2%         N/A       65%         3
 Portal Projectile        Hex/Tloc       4%         N/A       65%         3
 Cause Fear               Hex            2%         N/A       88%         4

Inventory:

Hand Weapons
 Y - a +1 triple crossbow (weapon)
Armour
 d - a +2 leather armour of cold resistance (worn)
 f - a +0 troll leather armour
 h - a +1 pair of boots (worn)
 p - a +3 leather armour
Jewellery
 b - a ring of resist corrosion (left hand)
 i - a ring of poison resistance (right hand)
 l - a ring of resist corrosion
Scrolls
 k - 2 scrolls of identify
Potions
 a - a potion of resistance
 e - 4 potions of enlightenment
 j - a potion of curing
 o - a potion of might

Dungeon Overview and Level Annotations

Branches:
Dungeon (10/15)            Temple (1/1) D:4             Orc (0/2) D:9
   Lair: D:8-11

Altars:
Ashenzari
Cheibriados
Dithmenos
Elyvilon
Fedhas
Gozag
Hepliaklqana
Kikubaaqudgha
Makhleb
Nemelex Xobeh
Okawaru
Qazlal
Ru
Sif Muna
Trog
Uskayaw
Vehumet
Wu Jian
Xom
Yredelemnul
Zin
The Shining One

Shops:
D:2 (   D:8 (

Annotations:
D:10 Amaemon, Erolcha


Message History

You shoot a bolt. The bolt barely misses Amaemon.
Amaemon misses you. Amaemon barely misses you. Amaemon closely misses you.
You shoot a bolt. The bolt completely misses Amaemon.
Amaemon hits you with a +1 demon whip of venom!
Amaemon barely misses you. Amaemon tail-slaps you.
Erolcha gestures wildly while chanting.
Erolcha flickers and vanishes!
Deactivating autopickup; reactivate with Ctrl-A.
You shoot a bolt. The bolt completely misses Amaemon.
Amaemon hits you with a +1 demon whip of venom!
You are poisoned.
Amaemon completely misses you. Amaemon closely misses you. Something hits you!
You shoot a bolt. The bolt hits Amaemon!
Amaemon is moderately wounded.
You feel extremely sick. The scorpion stings you.
You have difficulty breathing.
You feel yourself slow down.
Amaemon hits you with a +1 demon whip of venom!
You are lethally poisoned!
Amaemon claws you. Amaemon closely misses you. Something closely misses you.
The scorpion stings you but does no damage.
Amaemon casts a spell.
9032 ||| DRINKING potion of heal wounds.
You feel much better.
You feel extremely sick.
The scorpion stings you but does no damage.
Amaemon hits you with a +1 demon whip of venom!
Amaemon claws you but does no damage. Amaemon barely misses you.
Something closely misses you.
You shoot a bolt. The bolt hits Amaemon!
Amaemon is moderately wounded.
You feel extremely sick.
The scorpion barely misses you. x2; The scorpion stings you.
Amaemon closely misses you. Amaemon misses you. Amaemon closely misses you.
The scorpion misses you.
The scorpion stings you but does no damage.
The scorpion stings you. Something closely misses you.
Amaemon hits you with a +1 demon whip of venom!
Amaemon claws you. Amaemon barely misses you. The scorpion stings you.
You die...

...# .#~....
........# ...#
....##### ....# ..#
..$# ###########
....# ..
#.........#.....#
..
+......ss{'.....#
..
#......s@6#...s.# .
#..##.##### .6..#
######+##..##.###
##O#
...#....#...#...# s
...#....#...#...#
...#....'...#...#
.####..###.#..#.#
#..##%.########.###
.....%...# #....#


You could see Amaemon and 3 scorpions.

Vanquished Creatures
  Urug (D:10)
  Maggie (D:7)
  An orange demon (D:10)
  A troll (D:10)
  A hornet (D:9)
  Prince Ribbit (D:7)
  6 slime creatures (D:9)
  2 shadows (D:7)
  Sigmund (D:2)
  2 wyverns
  2 wraiths
  7 yaks
  3 steam dragons
  Menkaure (D:6)
  Duvessa (D:5)
  7 orc warriors
  A sky beast (D:7)
  An ice beast (D:5)
  A black bear (D:6)
  3 ogres
  4 centaurs
  A phantom (D:4)
  3 kobold brigands
  6 bullfrogs
  3 scorpions (D:6)
  Dowan (D:5)
  3 killer bees (D:10)
  8 howler monkeys
  4 hounds
  5 orc priests
  A jelly (D:4)
  3 sleepcaps
  Jessica (D:2)
  3 iguanas
  10 orc wizards
  4 gnolls (D:3)
  8 adders
  2 shadow imps
  4 white imps
  An ufetubus (D:7)
  2 worms
  2 dart slugs
  35 orcs
  3 bats
  10 endoplasms
  A giant cockroach (D:4)
  8 goblins
  8 hobgoblins
  3 jackals (D:1)
  23 kobolds
  2 quokkas (D:1)
  10 ball pythons
  3 frilled lizards
  4 rats
233 creatures vanquished.

Notes
Turn   | Place    | Note
-------+----------+-------------------------------------------
     0 | D:1      | qw the Minotaur Hexslinger began the quest for the Orb.
     0 | D:1      | Reached XP level 1. HP: 16/16 MP: 1/1
     0 | D:1      | 0 ||| qw: Version: 0.3-a-46-gb1f654a
     0 | D:1      | 0 ||| qw: Game counter: 2645
     0 | D:1      | 0 ||| qw: Melee chars always use a shield: true
     0 | D:1      | 0 ||| qw: God list: Okawaru
     0 | D:1      | 0 ||| qw: Allow faded altars: false
     0 | D:1      | 0 ||| qw: Do Orc after clearing Dungeon:15 true
     0 | D:1      | 0 ||| qw: Do second Lair branch before Depths: true
     0 | D:1      | 0 ||| qw: Lair rune preference: random
     0 | D:1      | 0 ||| qw: Goals: Normal
     0 | D:1      | 0 ||| PLANNING D:1-11
    74 | D:1      | Reached skill level 3 in Ranged Weapons
    77 | D:1      | Reached XP level 2. HP: 23/23 MP: 2/2
   236 | D:1      | 236 ||| Stepping ~*~*~tactically~*~*~ (outnumbered).
   395 | D:1      | 395 ||| FLEEEEING.
   396 | D:1      | 396 ||| FLEEEEING.
   532 | D:1      | 532 ||| UPGRADING to +0 leather armour.
   542 | D:1      | 542 ||| DROPPING +0 robe.
   543 | D:1      | 543 ||| READING 2 scrolls labelled REEGEM FUMY.
   544 | D:1      | 544 ||| READING scroll labelled GUTHRE ARO KUSCH.
   545 | D:1      | 545 ||| READING scroll labelled YWIKKA KERUA.
   546 | D:1      | 546 ||| READING scroll labelled FATTUI BOGACRI.
   547 | D:1      | 547 ||| DROPPING scroll of noise.
   548 | D:1      | 548 ||| DROPPING scroll of poison.
   594 | D:2      | Reached XP level 3. HP: 29/29 MP: 3/3
   773 | D:2      | Noticed Sigmund
   778 | D:2      | 778 ||| DROPPING ring of flight.
   788 | D:2      | HP: 3/29 [Sigmund/+0 scythe (11)]
   798 | D:2      | Killed Sigmund
   799 | D:2      | Reached skill level 6 in Ranged Weapons
   799 | D:2      | Reached XP level 4. HP: 8/36 MP: 4/4
   799 | D:2      | Reached XP level 5. HP: 9/41 MP: 5/5
   922 | D:2      | 922 ||| UPGRADING to ring of resist corrosion.
  1168 | D:2      | Found Seucla's Antique Weapon Boutique.
  1214 | D:2      | Found a faded altar of an unknown god.
  1219 | D:2      | Noticed Jessica
  1221 | D:2      | Killed Jessica
  1455 | D:2      | 1455 ||| READING scroll labelled FEPTETHRU ENLOL.
  1455 | D:2      | Identified a scroll of acquirement
  1455 | D:2      | 1455 ||| ACQUIRING +10 arbalest "Isyck" {antimagic, Contam
                  | rC+ Str+4}
  1455 | D:2      | Acquired the +10 arbalest "Isyck" {antimagic, Contam rC+
                  | Str+4}
  1457 | D:2      | 1457 ||| SWAPPING to +10 arbalest "Isyck" {antimagic,
                  | Contam rC+ Str+4}.
  1458 | D:2      | 1458 ||| DROPPING +1 sling.
  1527 | D:3      | Reached skill level 3 in Fighting
  1579 | D:3      | Found a shimmering blue altar of Sif Muna.
  1831 | D:3      | Reached XP level 6. HP: 52/52 MP: 2/6
  1939 | D:3      | Found a hazy altar of Hepliaklqana.
  2062 | D:3      | 2062 ||| UPGRADING to +0 ring mail.
  2072 | D:3      | 2072 ||| DROPPING +0 leather armour.
  2073 | D:3      | 2073 ||| UPGRADING to +0 pair of boots.
  2098 | D:3      | 2098 ||| READING scroll labelled ZUCROV MUSMAYR.
  2099 | D:3      | 2099 ||| READING 3 scrolls labelled VAMEHE DINULI.
  2100 | D:3      | 2100 ||| READING scroll labelled QOAMOT HANT.
  2101 | D:3      | 2101 ||| DRINKING 2 bubbling grey potions.
  2102 | D:3      | 2102 ||| DROPPING 2 scrolls of immolation.
  2168 | D:4      | Reached skill level 1 in Armour
  2175 | D:4      | Found a staircase to the Ecumenical Temple.
  2176 | D:4      | 2176 ||| PLANNING TEMPLE
  2176 | D:4      | 2176 ||| READING 2 scrolls of identify.
  2176 | D:4      | 2176 ||| IDENTIFYING fizzy cyan potion
  2186 | Temple   | Entered the Ecumenical Temple
  2329 | Temple   | 2329 ||| PLANNING D:1-11
  2913 | D:4      | 2913 ||| UPGRADING to ring of poison resistance.
  2914 | D:4      | 2914 ||| READING scroll labelled HAALYA YFOPSENAM.
  2918 | D:4      | 2918 ||| READING 2 scrolls of identify.
  2918 | D:4      | 2918 ||| IDENTIFYING fuming blue potion
  2928 | D:5      | Entered Level 5 of the Dungeon
  2966 | D:5      | Reached skill level 7 in Ranged Weapons
  2969 | D:5      | Reached XP level 7. HP: 59/59 MP: 2/7
  3007 | D:5      | Found an ancient bone altar of Kikubaaqudgha.
  3035 | D:5      | Reached skill level 8 in Ranged Weapons
  3038 | D:5      | Noticed Dowan
  3039 | D:5      | Noticed Duvessa
  3040 | D:5      | 3040 ||| Stepping ~*~*~tactically~*~*~ (outnumbered).
  3042 | D:5      | 3042 ||| Stepping ~*~*~tactically~*~*~ (outnumbered).
  3044 | D:5      | 3044 ||| Stepping ~*~*~tactically~*~*~ (outnumbered).
  3050 | D:5      | Killed Duvessa
  3052 | D:5      | Killed Dowan
  3197 | D:5      | 3197 ||| Stepping ~*~*~tactically~*~*~ (outnumbered).
  3199 | D:5      | 3199 ||| Stepping ~*~*~tactically~*~*~ (outnumbered).
  3201 | D:5      | 3201 ||| Stepping ~*~*~tactically~*~*~ (outnumbered).
  3203 | D:5      | 3203 ||| Stepping ~*~*~tactically~*~*~ (outnumbered).
  3211 | D:5      | 3211 ||| FLEEEEING.
  3213 | D:5      | 3213 ||| FLEEEEING.
  3214 | D:5      | 3214 ||| FLEEEEING.
  3215 | D:5      | 3215 ||| FLEEEEING.
  3216 | D:5      | 3216 ||| FLEEEEING.
  3218 | D:5      | 3218 ||| FLEEEEING.
  3219 | D:5      | 3219 ||| FLEEEEING.
  3220 | D:5      | 3220 ||| FLEEEEING.
  3221 | D:5      | 3221 ||| FLEEEEING.
  3223 | D:5      | 3223 ||| STAIRDANCE
  3277 | D:4      | 3277 ||| DRINKING 2 lumpy green potions.
  3300 | D:4      | 3300 ||| DROPPING potion of lignification.
  3304 | D:5      | 3304 ||| STAIRDANCE
  3307 | D:4      | Reached skill level 9 in Ranged Weapons
  3307 | D:4      | Reached XP level 8. HP: 61/68 MP: 2/8
  3585 | D:5      | Found a bloodstained altar of Trog.
  3600 | D:5      | Found a shimmering altar of Xom.
  3655 | D:5      | You fall into a shaft and drop 3 floors!
  3729 | D:7      | 3729 ||| READING 2 scrolls of identify.
  3729 | D:7      | 3729 ||| IDENTIFYING glowing coppery potion
  3730 | D:7      | 3730 ||| DROPPING potion of berserk rage.
  3742 | D:6      | Reached skill level 3 in Dodging
  3985 | D:5      | Reached skill level 6 in Fighting
  4289 | D:6      | Reached skill level 10 in Ranged Weapons
  4308 | D:6      | Identified the +7 rapier of the Wizarding Pariah {vamp,
                  | *Noise rC++ rN+ Int+3}
  4408 | D:6      | Identified the +1 falchion "Fiuphexzat" {antimagic, Will+}
  4497 | D:6      | Noticed Menkaure
  4504 | D:6      | Killed Menkaure
  4763 | D:7      | Reached XP level 9. HP: 79/79 MP: 3/9
  4816 | D:7      | Noticed Maggie
  4824 | D:7      | Killed Maggie
  5007 | D:7      | Noticed Prince Ribbit
  5022 | D:7      | Killed Prince Ribbit
  5023 | D:7      | Reached skill level 11 in Ranged Weapons
  5074 | D:7      | 5074 ||| FLEEEEING.
  5075 | D:7      | 5075 ||| FLEEEEING.
  5076 | D:7      | 5076 ||| FLEEEEING.
  5077 | D:7      | 5077 ||| FLEEEEING.
  5078 | D:7      | 5078 ||| FLEEEEING.
  5079 | D:7      | 5079 ||| FLEEEEING.
  5080 | D:7      | 5080 ||| FLEEEEING.
  5081 | D:7      | 5081 ||| FLEEEEING.
  5146 | D:7      | Found a white marble altar of Elyvilon.
  5294 | D:7      | Reached skill level 3 in Armour
  5326 | D:7      | 5326 ||| FLEEEEING.
  5327 | D:7      | 5327 ||| FLEEEEING.
  5328 | D:7      | 5328 ||| FLEEEEING.
  5329 | D:7      | 5329 ||| FLEEEEING.
  5330 | D:7      | 5330 ||| STAIRDANCE
  5367 | D:6      | 5367 ||| UPGRADING to +0 steam dragon scales.
  5377 | D:6      | 5377 ||| DROPPING +0 ring mail.
  5378 | D:6      | 5378 ||| UPGRADING to +3 leather armour.
  5388 | D:6      | 5388 ||| DROPPING +0 steam dragon scales.
  5389 | D:6      | 5389 ||| READING 2 scrolls labelled WEMUIPSEF WEARGH.
  5390 | D:6      | 5390 ||| READING scroll of enchant armour.
  5390 | D:6      | 5390 ||| ENCHANTING +0 pair of boots.
  5391 | D:6      | 5391 ||| READING 2 scrolls of identify.
  5391 | D:6      | 5391 ||| IDENTIFYING golden potion
  5392 | D:6      | 5392 ||| DROPPING potion of ambrosia.
  5570 | D:7      | Reached skill level 12 in Ranged Weapons
  5949 | D:8      | Found an iron altar of Okawaru.
  5950 | D:8      | 5950 ||| PLANNING OKAWARU WORSHIP
  5957 | D:8      | Became a worshipper of Warmaster Okawaru
  5958 | D:8      | 5958 ||| PLANNING D:1-11
  6158 | D:8      | 6158 ||| Stepping ~*~*~tactically~*~*~ (outnumbered).
  6206 | D:8      | Found Joaf's Firing Range.
  6226 | D:8      | 6226 ||| BUYING +0 longbow (71 gold).
  6226 | D:8      | Bought a +0 longbow for 71 gold pieces
  6226 | D:8      | 6226 ||| BUYING +0 triple crossbow (110 gold).
  6226 | D:8      | Bought a +0 triple crossbow for 110 gold pieces
  6226 | D:8      | 6226 ||| SWAPPING to +0 triple crossbow.
  6234 | D:8      | Gained mutation: You are weak. (Str -2) [mutagenic glow]
  6281 | D:8      | 6281 ||| DROPPING +10 arbalest "Isyck" {antimagic, Contam
                  | rC+ Str+4}.
  6282 | D:8      | 6282 ||| DROPPING +0 longbow.
  6368 | D:8      | Reached * piety under Okawaru
  6374 | D:8      | Reached XP level 10. HP: 65/88 MP: 10/10
  6503 | D:8      | Found a glowing silver altar of Zin.
  6537 | D:8      | Found an ornate altar of the Wu Jian Council.
  6802 | D:8      | 6802 ||| READING scroll labelled TOCOHOISO.
  6923 | D:9      | Reached skill level 1 in Invocations
  6974 | D:9      | 6974 ||| INVOKING Heroism.
  6979 | D:9      | 6979 ||| Stepping ~*~*~tactically~*~*~ (cloud).
  6980 | D:9      | 6980 ||| Stepping ~*~*~tactically~*~*~ (cloud).
  6981 | D:9      | 6981 ||| Stepping ~*~*~tactically~*~*~ (cloud).
  6982 | D:9      | 6982 ||| Stepping ~*~*~tactically~*~*~ (cloud).
  7063 | D:9      | 7063 ||| INVOKING Heroism.
  7068 | D:9      | HP: 11/88 [large slime creature (18)]
  7069 | D:9      | Reached skill level 13 in Ranged Weapons
  7069 | D:9      | 7069 ||| DRINKING 2 potions of heal wounds.
  7071 | D:9      | 7071 ||| DRINKING potion of heal wounds.
  7211 | D:9      | 7211 ||| INVOKING Heroism.
  7211 | D:9      | HP: 19/90 [slime creature (13)]
  7214 | D:9      | HP: 7/90 [slime creature (9)]
  7214 | D:9      | HP: 1/90 [slime creature (6)]
  7217 | D:9      | Reached skill level 3 in Invocations
  7500 | D:9      | Found a stormy altar of Qazlal.
  7503 | D:9      | 7503 ||| INVOKING Heroism.
  7505 | D:9      | Reached skill level 9 in Fighting
  7554 | D:9      | 7554 ||| READING scroll of enchant weapon.
  7554 | D:9      | 7554 ||| ENCHANTING +0 triple crossbow.
  7644 | D:9      | 7644 ||| INVOKING Heroism.
  7645 | D:9      | 7645 ||| Stepping ~*~*~tactically~*~*~ (outnumbered).
  7659 | D:9      | 7659 ||| FLEEEEING.
  7721 | D:9      | 7721 ||| INVOKING Heroism.
  7722 | D:9      | 7722 ||| Stepping ~*~*~tactically~*~*~ (outnumbered).
  7743 | D:9      | 7743 ||| INVOKING Heroism.
  7886 | D:9      | Found a staircase to the Orcish Mines.
  7925 | D:9      | Reached skill level 6 in Dodging
  7941 | D:9      | 7941 ||| INVOKING Heroism.
  7958 | D:9      | 7958 ||| INVOKING Heroism.
  8013 | D:9      | 8013 ||| INVOKING Heroism.
  8054 | D:9      | 8054 ||| INVOKING Heroism.
  8068 | D:9      | 8068 ||| INVOKING Heroism.
  8071 | D:9      | Reached skill level 14 in Ranged Weapons
  8304 | D:9      | Noticed a deep elf pyromancer
  8304 | D:9      | Noticed a purple ugly thing
  8328 | D:9      | 8328 ||| UPGRADING to +2 leather armour of cold resistance.
  8338 | D:9      | 8338 ||| READING scroll labelled SUFO XEUW TAIR.
  8339 | D:9      | 8339 ||| DRINKING 2 dark potions.
  8340 | D:9      | 8340 ||| READING 4 scrolls of identify.
  8340 | D:9      | 8340 ||| IDENTIFYING pink potion
  8341 | D:9      | 8341 ||| READING 3 scrolls of identify.
  8341 | D:9      | 8341 ||| IDENTIFYING white potion
  8342 | D:9      | 8342 ||| READING 2 scrolls of identify.
  8342 | D:9      | 8342 ||| IDENTIFYING red potion
  8343 | D:9      | 8343 ||| DROPPING potion of attraction.
  8344 | D:9      | 8344 ||| DROPPING potion of brilliance.
  8412 | D:10     | Entered Level 10 of the Dungeon
  8478 | D:10     | 8478 ||| INVOKING Heroism.
  8705 | D:10     | Noticed Urug
  8706 | D:10     | 8706 ||| INVOKING Heroism.
  8710 | D:10     | Killed Urug
  8710 | D:10     | Reached ** piety under Okawaru
  8711 | D:10     | Reached XP level 11. HP: 100/100 MP: 11/13
  8871 | D:10     | 8871 ||| INVOKING Heroism.
  8913 | D:10     | 8913 ||| INVOKING Heroism.
  9020 | D:10     | Noticed Amaemon
  9022 | D:10     | 9022 ||| INVOKING Heroism.
  9023 | D:10     | Noticed Erolcha
  9024 | D:10     | 9024 ||| Stepping ~*~*~tactically~*~*~ (outnumbered).
  9031 | D:10     | HP: 20/100 [Amaemon/+1 demon whip of venom (10)]
  9032 | D:10     | 9032 ||| DRINKING potion of heal wounds.
  9033 | D:10     | HP: 4/100 [Amaemon/+1 demon whip of venom (7)]
  9033 | D:10     | HP: 1/100 [Amaemon/+1 demon whip of venom (3)]
  9033 | D:10     | Slain by a scorpion

Levels and vault maps discovered:
D:1:      dpeg_arrival_long_road, layout_basic, hangedman_decor_opposing
D:2:      layout_basic, serial_forest, infiniplex_forest_clump_curved,
          infiniplex_forest_clump_small, infiniplex_forest_corner_1,
          infiniplex_forest_clump_long, infiniplex_forest_straight_2,
          infiniplex_forest_corner_1, infiniplex_forest_lined_3,
          ebering_ecumenical_altar_box, serial_shops, shop, skrybe_limestone_x,
          uniq_jessica, uniq_sigmund
D:3:      layout_loops_cross, nicolae_sif_muna_condensation,
          general_overflow_altar, minmay_misc_feat_alley
D:4:      layout_gridville, minmay_temple_entry_statues_pillars
D:5:      layout_loops_ring, minitemple, amcnicky_altar_gilded, uniq_duvessa
D:6:      layout_basic, uniq_menkaure
D:7:      layout_layer_cave, marbit_many_paths, uniq_maggie, uniq_prince_ribbit1
D:8:      layout_basic, mainiacjoe_overflow_alcove_1,
          nicolae_wu_jian_glorious_leap, zin_academy, nicolae_shop_firing_range
D:9:      layout_roguey, grunt_qazlal_sundering, david_orc_4,
          lightli_corner_chamber
D:10:     layout_gridville, enter_bailey_3, uniq_erolcha, uniq_amaemon,
          uniq_urug
Temple:   hellmonk_temple_flake

Skill      XL: |  1  2  3  4  5  6  7  8  9 10 |
---------------+-------------------------------+-----
Ranged Weapons | 3 6 7 9 10 12 14 | 14.6
Fighting       | 2 4 5 7 8 10 | 10.2
Armour         | 1 2 3 |  3.3
Dodging        | 3 5 6 |  6.0
Invocations    | 4 |  4.2
Spellcasting   | |  1.0
Hexes          | |  2.0

Action                     |  1- 3 |  4- 6 |  7- 9 | 10-12 || total
---------------------------+-------+-------+-------+-------++-------
   Fire: Sling             |    88 |   132 |       |       ||   220
         Arbalest          |       |    76 |   187 |       ||   263
         Triple crossbow   |       |       |    24 |   150 ||   174
 Invoke: Heroism           |       |       |       |    17 ||    17
    Use: Scroll            |     4 |     7 |     4 |     6 ||    21
         Potion            |       |     1 |     1 |     4 ||     6
 Armour: Robe              |     4 |       |       |       ||     4
         Leather armour    |     2 |       |     6 |    22 ||    30
         Ring mail         |       |     4 |    11 |       ||    15
  Dodge: Dodged            |    41 |    21 |    50 |    99 ||   211

Table legend:
 A = Non-vault XP
 B = Vault XP
 C = Vault XP percentage of total XP
 D = Non-vault monster count
 E = Vault monster count
 F = Vault count percentage of total count
                 A         B        C        D         E       F
            +---------+---------+-------+---------+---------+-------
      Total |    9886 |    3262 |  24.8 |     205 |      28 |  12.0
            +---------+---------+-------+---------+---------+-------
        D:1 |      40 |       0 |   0.0 |      22 |       0 |   0.0
        D:2 |      24 |     251 |  91.3 |      14 |       2 |  12.5
        D:3 |     137 |       0 |   0.0 |      18 |       0 |   0.0
        D:4 |     218 |       0 |   0.0 |      21 |       0 |   0.0
        D:5 |     709 |     218 |  23.5 |      19 |       2 |   9.5
        D:6 |     903 |     183 |  16.9 |      22 |       1 |   4.3
        D:7 |    1157 |     703 |  37.8 |      25 |       3 |  10.7
        D:8 |    1178 |       0 |   0.0 |      28 |       0 |   0.0
        D:9 |    3600 |     731 |  16.9 |      22 |      17 |  43.6
       D:10 |    1920 |    1176 |  38.0 |      14 |       3 |  17.6
            +---------+---------+-------+---------+---------+-------
